AoeStats
← HailMaryy420

Arabia

510157019Analyzed
1v1 RM · 3d ago on Sep 29, 2026· 43m 8s· 2 players
Game mode
Random Map
Map size
Tiny (2 player)
Population
200
Speed
Normal
Resources
Standard
Victory
Conquest
Starting age
Dark Age
Ending age
Imperial Age
RankedLock teamsTeams togetherTeam positionsShared explorationLock speedFull tech treeHidden civsTurbo modeCheats
Victory
Defeat
🇨🇳 Burgundians · China
686
+16
🇨🇦 Magyars · Canada
689
-37
Bu:)
11:49 Feudal Age
11:17 Double-Bit Axe
11:16 Horse Collar
18:15 Scale Barding Armor
18:22 Forging
20:47 Castle Age
19:20 Bow Saw
20:28 Heavy Plow
21:02 Gold Mining
21:36 Husbandry
21:31 Cavalier
33:22 Wheelbarrow
35:38 Chain Barding Armor
35:54 Iron Casting
35:32 Burgundian Vineyards
38:27 Imperial Age
40:28 Gold Shaft Mining
40:23 Paladin
44:29 Chemistry
HailMaryy420
0:47 Loom
11:06 Feudal Age
11:31 Horse Collar
11:40 Double-Bit Axe
12:35 Wheelbarrow
11:47 Town Watch
17:02 Gold Mining
17:38 Stone Mining
23:03 Castle Age
21:37 Bloodlines
20:53 Man-at-Arms
23:36 Scale Mail Armor
23:38 Padded Archer Armor
23:29 Fletching
24:03 Scale Barding Armor
23:25 Elite Skirmisher
32:07 Pikeman
32:09 Long Swordsman
32:18 Crossbowman
33:02 Husbandry
40:07 Gold Shaft Mining
39:46 Bow Saw
40:54 Heavy Plow
Connection lost

Rejoining the realm…

Still unreachable

The connection could not be restored.

Session expired

The server has moved on; the page needs a fresh start.